 Dungeon Sprint DCSS version 0.31-a0-656-gb4d89c20fa (webtiles) character file.

Game seed: 7583970376413038096

4856 rocky1 the Black Belt (level 10, -2/77 HPs)
             Began as a Djinni Shapeshifter on Aug 31, 2023.
             Was an Initiate of Gozag.
             Killed from afar by a catoblepas (6 damage)
             ... with a blast of calcifying dust
             ... in the Dungeon (Sprint IX: "|||||||||||||||||||||||||||||").
             The game lasted 00:09:18 (2922 turns).

rocky1 the Black Belt (Djinni Shapeshifter)         Turns: 2922, Time: 00:09:19

Health: -2/77      AC: 14    Str: 13    XL:     10   Next: 78%
Gold:   67         EV:  5    Int: 14    God:    Gozag SH:  0 Dex: 18

rFire   + +          +
                       - Unarmed
rCold   . . .        (no shield)
rNeg    . . .        m - +0 plate armour
rPois   ∞            (helmet currently unavailable)
rElec   +            (cloak currently unavailable)
rCorr   +            (gloves currently unavailable)
SInv    .            (boots unavailable)
Will    +....        (no amulet) Stlth
                     l - +3 ring of dexterity
HPRegen 0.32/turn    k - +2 ring of evasion
MPRegen 0.00/turn

%: no teleportation, infuse magic (-3 HP)
@: beast-form, resistant, petrifying, flying, invisible, very slow
A: beast (slay +4), flying, sickness immunity, fire resistance 2, cold
vulnerability 1, float, innate caster, HP casting, extra vitality 1
a: Begin Untransformation, Renounce Religion, Potion Petition, Call Merchant,
Bribe Branch


You were in the Dungeon.
You worshipped Gozag.
Gozag was noncommittal.
You were a hulking beast.
You visited 1 branch You collected 2258 gold pieces.
You spent 812 gold pieces at shops.
You paid 1379 gold pieces to Gozag.

Inventory:

Armour
 m - a +0 plate armour (worn)
Jewellery
 k - a +2 ring of evasion (right hand)
 l - a +3 ring of dexterity (left hand)
Talismans
 c - a beast talisman (active)
 d - a flux talisman
Wands
 j - a wand of roots (8)
Scrolls
 n - a scroll of blinking
 o - 2 scrolls of enchant armour
Potions
 b - a potion of mutation
 e - 8 potions of curing
 f - 2 potions of heal wounds
 g - 2 potions of resistance


   Skills:
 * Level 8.4 Fighting
 + Level 9.2 Armour
 + Level 6.5 Dodging
 - Level 1.0 Stealth
 + Level 15.1 Unarmed Combat
 * Level 5.7 Spellcasting
 * Level 5.7 Conjurations
 * Level 5.7 Hexes
 * Level 5.7 Summonings
 * Level 5.7 Necromancy
 * Level 5.7 Translocations
 * Level 5.7 Transmutations
 * Level 5.7 Fire Magic
 * Level 5.7 Ice Magic
 * Level 5.7 Air Magic
 * Level 5.7 Earth Magic
 * Level 5.7 Poison Magic
 - Level 0.3 Evocations
 * Level 10.3 Shapeshifting


You knew the following spells:

 Your Spells              Type           Power      Damage    Failure   Level
a - Necrotise             Necr           80%        1d8       69%         1
b - Poisonous Vapours     Pois/Air       40%        N/A       83%         2
c - Summon Guardian Gole  Hex/Summ       20%        N/A       96%         3
d - Inner Flame           Hex/Fire       20%        N/A       96%         3
Your spell library was empty.

Dungeon Overview and Level Annotations

Branches:
Dungeon (1/1)

Altars:
Cheibriados
Dithmenos
Elyvilon
Fedhas
Gozag
Hepliaklqana
Makhleb
Nemelex Xobeh
Okawaru
Qazlal
Ru
Trog
Uskayaw
Wu Jian
Xom
Yredelemnul
Zin
The Shining One
Jiyva
Lugonu

Shops:
D [


Innate Abilities, Weirdness & Mutations

You are a hulking beast.
Your limbs bulge with bestial killing power. (Slay +4)
You are flying.
You are immune to sickness and miasma.
You are immune to poison.
Your flesh is very heat resistant. (rF++)
You are vulnerable to cold. (rC-)
You float through the air rather than walking.
You learn spells naturally, not from books.
Your magical power is your life essence.
You have superior vitality. (+4 MHP)


Message History

The catoblepas is heavily wounded.
You are engulfed in calcifying dust.
You hit the catoblepas but do no damage.
You punch the catoblepas!
The catoblepas is heavily wounded.
You are engulfed in calcifying dust.
You are slowing down.
The catoblepas gores you but does no damage.
You pummel the catoblepas!!
The catoblepas is severely wounded.
You are engulfed in calcifying dust.
Your limbs have turned to stone.
The catoblepas breathes a plume of calcifying dust at you.
The blast of calcifying dust hits you.
You have turned to stone.
The catoblepas gores you!! The catoblepas gores you.
* * * LOW HITPOINT WARNING * * *
The catoblepas barely misses you.
The catoblepas breathes a plume of calcifying dust at you.
The blast of calcifying dust hits you but does no damage.
You are engulfed in calcifying dust.
The catoblepas gores you!!
* * * LOW HITPOINT WARNING * * *
You are engulfed in calcifying dust.
The catoblepas gores you!
* * * LOW HITPOINT WARNING * * *
You are engulfed in calcifying dust.
The catoblepas gores you!
* * * LOW HITPOINT WARNING * * *
You are engulfed in calcifying dust.
The catoblepas gores you.
* * * LOW HITPOINT WARNING * * *
You turn to flesh and can move again.
Unknown command. [a] - 420 gold - resistance and enlightenment [b] - 378 gold - resistance and invisibility [c] - 540 gold - resistance and invisibility Purchase which effect?
You no longer have enough gold to petition Gozag for potion effects.
You feel protected.
You fade into invisibility!
You are slowing down.
The catoblepas breathes a plume of calcifying dust at you.
The blast of calcifying dust hits you!
You die...
Your body crumbles into a pile of gold.

▓▓▓▓▓▓▓▓▓▓▓▓▓▓▓▓▓▓▓▓▓▓▓▓
YYhYlYYh.§.∩....'?[.....
▓▓▓▓▓▓▓▓▓▓▓▓▓▓▓▓▓▓▓▓▓▓▓▓▓▓▓▓▓▓▓▓▓
.)...............................
▓▓▓▓▓▓▓▓▓▓▓▓▓▓▓▓▓▓▓▓▓▓▓▓▓▓▓▓▓▓▓▓▓
[.)?!'________________________'..
▓▓▓▓▓▓▓▓▓▓▓▓▓▓▓▓▓▓▓▓▓▓▓▓▓▓▓▓▓▓▓▓▓


You could see a catoblepas (unable to see you), 3 yaks, a wyvern (unable to see
you), a wolf and a dream sheep (unable to see you).

Vanquished Creatures
  Erica (D)
  A skyshark (D)
  A manticore (D)
  A water nymph (shapeshifter) (D)
  A cane toad (D)
  A rime drake (D)
  A komodo dragon (D)
  A troll (D)
  2 slime creatures (D)
  3 wyverns (D)
  2 wraiths (D)
  2 yaks (D)
  A basilisk (D)
  An acid dragon (D)
  A water moccasin (D)
  A black bear (D)
  A phantom (D)
  A bullfrog (D)
  A killer bee (D)
  A howler monkey (D)
  A hound (D)
  An iguana (D)
  A dart slug (D)
  A goblin (D)
  A kobold (D)
  2 frilled lizards (D)
  A rat (D)
33 creatures vanquished.

Notes
Turn   | Place    | Note
-------+----------+-------------------------------------------
     0 | D        | rocky1 the Djinni Shapeshifter began the quest for the Orb.
     0 | D        | Reached XP level 1. HP: 17/17 MP: 0/0
    32 | D        | Noticed an iguana
    32 | D        | Noticed a phantom
    32 | D        | Noticed a black bear
    32 | D        | Noticed a hound
    41 | D        | Killed a black bear
    42 | D        | Reached skill level 6 in Unarmed Combat
    42 | D        | Reached skill level 5 in Shapeshifting
    42 | D        | Reached XP level 2. HP: 19/23 MP: 0/0
    42 | D        | Reached XP level 3. HP: 24/28 MP: 0/0
    42 | D        | Learned a level 1 spell: Necrotise
    42 | D        | Reached XP level 4. HP: 28/33 MP: 0/0
    42 | D        | Reached XP level 5. HP: 32/38 MP: 0/0
    42 | D        | Learned a level 2 spell: Poisonous Vapours
    48 | D        | Killed a phantom
    49 | D        | Reached skill level 7 in Unarmed Combat
    49 | D        | Reached XP level 6. HP: 34/45 MP: 0/0
    54 | D        | Reached skill level 8 in Unarmed Combat
   126 | D        | Found a snail-covered altar of Cheibriados.
   126 | D        | Found a shadowy altar of Dithmenos.
   126 | D        | Found a white marble altar of Elyvilon.
   126 | D        | Found a blossoming altar of Fedhas.
   126 | D        | Found an opulent altar of Gozag.
   127 | D        | Found a hazy altar of Hepliaklqana.
   128 | D        | Found a viscous altar of Jiyva.
   130 | D        | Found a corrupted altar of Lugonu.
   131 | D        | Found a burning altar of Makhleb.
   132 | D        | Found a sparkling altar of Nemelex Xobeh.
   133 | D        | Found an iron altar of Okawaru.
   134 | D        | Found a stormy altar of Qazlal.
   138 | D        | Became a worshipper of Gozag Ym Sagoz the Greedy
   140 | D        | Found a sacrificial altar of Ru.
   142 | D        | Found a bloodstained altar of Trog.
   143 | D        | Found a hide-covered altar of Uskayaw.
   145 | D        | Found an ornate altar of the Wu Jian Council.
   146 | D        | Found a shimmering altar of Xom.
   147 | D        | Found a basalt altar of Yredelemnul.
   148 | D        | Found a glowing silver altar of Zin.
   149 | D        | Found a glowing golden altar of the Shining One.
   192 | D        | Noticed a yak
   192 | D        | Noticed a wraith
   192 | D        | Noticed an acid dragon
   192 | D        | Noticed a wyvern
   198 | D        | Killed a wyvern
   199 | D        | Reached skill level 9 in Unarmed Combat
   199 | D        | Reached skill level 1 in Spellcasting
   199 | D        | Reached skill level 1 in Conjurations
   199 | D        | Reached skill level 1 in Hexes
   199 | D        | Reached skill level 1 in Summonings
   199 | D        | Reached skill level 1 in Necromancy
   199 | D        | Reached skill level 1 in Translocations
   199 | D        | Reached skill level 1 in Transmutations
   199 | D        | Reached skill level 1 in Fire Magic
   199 | D        | Reached skill level 1 in Ice Magic
   199 | D        | Reached skill level 1 in Air Magic
   199 | D        | Reached skill level 1 in Earth Magic
   199 | D        | Reached skill level 1 in Poison Magic
   199 | D        | Reached XP level 7. HP: 50/50 MP: 0/0
   199 | D        | Learned a level 3 spell: Summon Guardian Golem
   201 | D        | Killed an acid dragon
   202 | D        | Reached skill level 5 in Dodging
   208 | D        | Killed a wraith
   209 | D        | Reached skill level 10 in Unarmed Combat
   216 | D        | Killed a yak
   217 | D        | Reached XP level 8. HP: 58/58 MP: 0/0
   219 | D        | Reached skill level 1 in Stealth
   219 | D        | Reached skill level 11 in Unarmed Combat
   414 | D        | Noticed a manticore
   414 | D        | Noticed a slime creature
   414 | D        | Noticed a slime creature
   414 | D        | Noticed a wolf spider
   414 | D        | Noticed a troll
   414 | D        | Noticed a wraith
   420 | D        | Killed a troll
   431 | D        | Killed a slime creature
   432 | D        | Reached skill level 1 in Armour
   432 | D        | Reached skill level 12 in Unarmed Combat
   440 | D        | HP: 1/58 [wolf spider (shapeshifter) (3)]
   547 | D        | Killed a wraith
   548 | D        | Reached skill level 5 in Fighting
   548 | D        | Reached XP level 9. HP: 18/65 MP: 0/0
   548 | D        | Learned a level 3 spell: Inner Flame
   812 | D        | Noticed a jorogumo
   813 | D        | a jorogumo changed into a slime creature
   818 | D        | a slime creature changed into a water nymph
   818 | D        | Noticed a water nymph (shapeshifter)
   827 | D        | Killed a water nymph
   885 | D        | Killed a manticore
   886 | D        | Reached skill level 5 in Armour
   886 | D        | Reached skill level 13 in Unarmed Combat
  1596 | D        | Noticed Erica
  1611 | D        | Killed Erica
  1612 | D        | Reached skill level 14 in Unarmed Combat
  1612 | D        | Reached XP level 10. HP: 16/75 MP: 0/0
  1975 | D        | Noticed a komodo dragon
  1978 | D        | Noticed a rime drake
  1980 | D        | Killed a komodo dragon
  1981 | D        | Reached skill level 5 in Spellcasting
  1981 | D        | Reached skill level 5 in Conjurations
  1981 | D        | Reached skill level 5 in Hexes
  1981 | D        | Reached skill level 5 in Summonings
  1981 | D        | Reached skill level 5 in Necromancy
  1981 | D        | Reached skill level 5 in Translocations
  1981 | D        | Reached skill level 5 in Transmutations
  1981 | D        | Reached skill level 5 in Fire Magic
  1981 | D        | Reached skill level 5 in Ice Magic
  1981 | D        | Reached skill level 5 in Air Magic
  1981 | D        | Reached skill level 5 in Earth Magic
  1981 | D        | Reached skill level 5 in Poison Magic
  1989 | D        | Noticed a cane toad
  2400 | D        | Killed a rime drake
  2401 | D        | Reached skill level 10 in Shapeshifting
  2427 | D        | Killed a cane toad
  2561 | D        | Bought a jewelled plate armour for 812 gold pieces
  2561 | D        | Identified the +8 plate armour of the Old and Reckless
                  | {*Slow Will- Str+8 Stlth+} (You bought it in a shop in the
                  | Dungeon)
  2566 | D        | Noticed a catoblepas
  2566 | D        | Noticed a skyshark
  2594 | D        | Killed a skyshark
  2595 | D        | Reached skill level 15 in Unarmed Combat
  2922 | D        | Killed from afar by a catoblepas

Illustrated notes

Levels and vault maps discovered:
D:        linesprint [early_d, line_temple, items_1, d_10, items_2, lair_1,
          lair_end, items_3, orc_1, orc_end, items_4, d_15, swamp_1, shoals_1,
          snake_1, spider_1, d_20, vaults_1, items_5, swamp_end, shoals_end,
          snake_end, spider_end, vaults_end, d_27, items_6, zot_1, zot_end,
          crypt_end, forest_end, elf_end, slime_end, tomb_end, abyss_end,
          pan_hell_end]

Skill      XL: |  1  2  3  4  5  6  7  8  9 10 |
---------------+-------------------------------+-----
Shapeshifting  | 5 7 8 9 10 | 10.3
Fighting       | 2 3 5 7 8 |  8.4
Dodging        | 3 4 5 6 |  6.5
Unarmed Combat | 6 7 9 10 12 14 15 | 15.1
Spellcasting   | 1 2 3 4 5 |  5.7
Conjurations   | 1 2 3 4 5 |  5.7
Hexes          | 1 2 3 4 5 |  5.7
Summonings     | 1 2 3 4 5 |  5.7
Necromancy     | 1 2 3 4 5 |  5.7
Translocations | 1 2 3 4 5 |  5.7
Transmutations | 1 2 3 4 5 |  5.7
Fire Magic     | 1 2 3 4 5 |  5.7
Ice Magic      | 1 2 3 4 5 |  5.7
Air Magic      | 1 2 3 4 5 |  5.7
Earth Magic    | 1 2 3 4 5 |  5.7
Poison Magic   | 1 2 3 4 5 |  5.7
Stealth        | 1 |  1.0
Armour         | 2 7 9 |  9.2
Evocations     | |  0.3

Action                     |  1- 3 |  4- 6 |  7- 9 | 10-12 || total
---------------------------+-------+-------+-------+-------++-------
  Melee: Unarmed           |    23 |    15 |    81 |    67 ||   186
         Punch             |       |       |     8 |    10 ||    18
 Invoke: Potion Petition   |       |       |     1 |     1 ||     2
         Call Merchant     |       |       |       |     1 ||     1
  Evoke: Wand              |       |       |     2 |       ||     2
    Use: Potion            |     1 |     1 |     6 |       ||     8
         Scroll            |       |       |     2 |     1 ||     3
   Stab: Distracted        |       |       |     1 |       ||     1
         Invisible         |       |       |     8 |       ||     8
         Petrified         |       |       |       |     8 ||     8
         Petrifying        |       |       |       |     1 ||     1
 Armour: Animal skin       |     2 |       |       |       ||     2
         Skin              |       |     4 |    16 |       ||    20
         Plate armour      |       |       |    18 |    19 ||    37
  Dodge: Dodged            |    14 |     3 |    19 |    10 ||    46

Table legend: (Time is in decaauts)
 A = Elapsed time spent in this place.
 B = Non-inter-level travel time spent in this place.
 C = Inter-level travel time spent in this place.
 D = Time resting spent in this place.
 E = Time spent auto-exploring this place.
 F = Levels seen in this place.
 G = Mean time per level.
                   A        B        C        D        E       F      G
               +--------+--------+--------+--------+--------+-----+--------+
         Total |   2907 |   2907 |      0 |   2287 |      0 |   1 | 2907.0 |
       Dungeon |   2907 |   2907 |      0 |   2287 |      0 |   1 | 2907.0 |
               +--------+--------+--------+--------+--------+-----+--------+

Top non-repeatable levels by time:
       D: 2907 daAuts
